 Dungeon Crawl Stone Soup version 0.32-a0-520-g344ed53f66 (webtiles) character file.

Game seed: 6661849430977954349

1334 Drazool the Zephyrmancer (level 8, -2/44 HPs)
             Began as a Tengu Air Elementalist on Feb 27, 2024.
             Was a Follower of Beogh.
             Killed from afar by Maggie (13 damage)
             ... with a bolt of fire
             ... on level 6 of the Dungeon.
             The game lasted 00:17:18 (6266 turns).

Drazool the Zephyrmancer (Tengu Air Elementalist)   Turns: 6266, Time: 00:17:19

Health: -2/44      AC:  5    Str: 10    XL:     8   Next: 61%
Magic:  1/16       EV: 32    Int: 17    God:    Beogh [*.....]
Gold:   444        SH:  0    Dex: 14    Spells: 6/17 levels left

rFire   + . .        b - +2 whip (freeze)
rCold   . . .        (no shield)
rNeg    + . .        a - +0 robe
rPois   .            (helmet restricted)
rElec   .            d - +1 cloak
rCorr   .            s - +0 pair of gloves
SInv    .            (boots unavailable)
Will    .....        (no amulet)
Stlth   ++           F - ring of protection from fire
HPRegen 0.27/turn    N - ring of positive energy
MPRegen 0.15/turn

%: acrobat
@: swift, acrobatic, flying, very quick
A: beak, talons 3, evasive flight, acrobatic
a: Renounce Religion


You were on level 6 of the Dungeon.
You worshipped Beogh.
Beogh was aware of your devotion.
You visited 1 branch of the dungeon, and saw 6 of its levels.

You collected 444 gold pieces.


Innate Abilities, Weirdness & Mutations

You have a beak for a mouth.
You have claws for feet.
Your magical flight helps you evade attacks. (EV +4)
You can magically evade attacks while moving or waiting.


   Skills:
 - Level 2.0 Fighting
 + Level 3.9 Dodging
 - Level 2.0 Stealth
 - Level 5.0 Spellcasting
 - Level 4.0 Conjurations
 - Level 8.0 Air Magic
 - Level 4.0 Alchemy
 - Level 2.0 Invocations


You had 6 spell levels left.
You knew the following spells:

 Your Spells              Type           Power      Damage    Failure   Level
i - Swiftness             Air            31%        N/A       1%          3
m - Mephitic Cloud        Conj/Alch/Air  22%        N/A       4%          3
t - Static Discharge      Conj/Air       48%        3-5/arc   1%          2
z - Shock                 Conj/Air       96%        1d9       1%          1
X - Mercury Vapours       Alch/Air       48%        N/A       1%          2

Your spell library contained the following spells:

 Spells                   Type           Power      Damage    Failure   Level
 Airstrike                Air            15%        2d(3-19)  5%          4
 Summon Small Mammal      Summ           16%        N/A       14%         1
 Dazzling Flash           Conj/Hex       22%        N/A       19%         3
 Call Canine Familiar     Summ           4%         N/A       38%         3
 Inner Flame              Hex/Fire       4%         N/A       38%         3
 Flame Wave               Conj/Fire      11%        2d6       52%         4
 Sticky Flame             Fire/Alch      11%        2d5       52%         4
 Freezing Cloud           Conj/Ice/Air   8%         6-21      58%         5
 Silence                  Hex/Air        8%         N/A       58%         5
 Summon Blazeheart Golem  Fire/Summ      4%         N/A       80%         4
 Curse of Agony           Necr           4%         N/A       98%         5

Inventory:

Hand Weapons
 b - a +2 whip of freezing (weapon)
 u - a +0 dagger of speed
Missiles
 m - 5 throwing nets {=f}
 n - 4 poisoned darts
Armour
 a - a +0 robe (worn)
 d - a +1 cloak (worn)
 s - a +0 pair of gloves (worn)
Jewellery
 F - a ring of protection from fire (left hand)
 N - a ring of positive energy (right hand)
 S - a +6 ring of strength
Scrolls
 e - 2 scrolls of fear {unknown}
 g - a scroll of vulnerability {unknown}
 h - 3 scrolls of teleportation {unknown}
 i - a scroll of noise {unknown}
 j - 2 scrolls of fog
 k - 2 scrolls of immolation
 p - a scroll of enchant weapon {unknown}
 q - a scroll of poison {unknown}
 r - a scroll of revelation {unknown}
 v - a scroll of blinking {unknown}
 w - a scroll of brand weapon {unknown}
Potions
 c - a potion of heal wounds {unknown}
 f - 2 potions of degeneration {unknown}
 l - a potion of ambrosia {unknown}
 o - 2 potions of curing {unknown}
 t - a potion of mutation {unknown}
 x - a potion of lignification {unknown}

Dungeon Overview and Level Annotations

Branches:
Dungeon (6/15)             Temple (0/1) D:5

Altars:
Makhleb
Ru
Trog

Annotations:
D:6 Maggie, Prince Ribbit

#........
(#......[#
(.......#
#......#
#.F....#
#....รท.#
#...@<.#
#####'####
#..@.#
#.##.#####
#.......<#
#....######
#....[....#
#########.#
#.# #<# ###


You could see Maggie (weak) and Prince Ribbit.


Message History

Maggie is moderately wounded.
The lightning grounds out.
Maggie hits you with a +0 long sword!
Casting: Static Discharge (safe; 1% risk of failure)
Confirm with . or Enter, or press ? or * to list all spells.
Maggie is struck by an arc of lightning.
Maggie is moderately wounded.
You are struck by an arc of lightning.
Maggie is struck by an arc of lightning.
Maggie is heavily wounded.
You are struck by an arc of lightning.
The lightning grounds out.
Maggie closely misses you.
Prince Ribbit comes into view.
Casting: Static Discharge (safe; 1% risk of failure)
Confirm with . or Enter, or press ? or * to list all spells.
Maggie is struck by an arc of lightning.
Maggie is heavily wounded.
You are struck by an arc of lightning.
Maggie is struck by an arc of lightning.
Maggie is heavily wounded.
You are struck by an arc of lightning.
Maggie hits you with a +0 long sword.
Unknown command.
Casting: Static Discharge (safe; 1% risk of failure)
Confirm with . or Enter, or press ? or * to list all spells.
You feel quick. Maggie casts a spell at you. The bolt of fire hits you!
You resist.
* * * LOW HITPOINT WARNING * * *
Maggie gestures at you while chanting. The bolt of fire hits you! You resist.
You die...

Skill      XL: |  1  2  3  4  5  6  7  8 |
---------------+-------------------------+-----
Conjurations   | 2 3 4 |  4.0
Spellcasting   | 3 4 5 |  5.0
Alchemy        | 2 4 |  4.0
Fighting       | 2 |  2.0
Invocations    | 2 |  2.0
Air Magic      | 7 8 |  8.0
Dodging        | 3 |  3.9
Stealth        | |  2.0

Action                     |  1- 3 |  4- 6 |  7- 9 || total
---------------------------+-------+-------+-------++-------
  Melee: Dagger            |       |       |     9 ||     9
         Kick              |       |       |     1 ||     1
         Peck              |       |       |     1 ||     1
  Throw: Dart              |       |       |    10 ||    10
         Throwing net      |       |       |     2 ||     2
   Cast: Shock             |    55 |    68 |    56 ||   179
         Static Discharge  |     9 |    21 |    22 ||    52
         Mercury Vapours   |       |     6 |    10 ||    16
         Mephitic Cloud    |       |     1 |     5 ||     6
         Swiftness         |       |       |     1 ||     1
 Invoke: Convert to Beogh  |       |     1 |       ||     1
    Use: Scroll            |       |     2 |       ||     2
         Potion            |       |       |     1 ||     1
   Stab: Held in net/web   |       |       |     1 ||     1
 Armour: Robe              |    12 |    25 |    51 ||    88
  Dodge: Dodged            |     6 |     7 |    12 ||    25
         Repelled          |     1 |     2 |       ||     3

Levels and vault maps discovered:
D:1:      minmay_arrival_up_and_down, layout_rooms
D:2:      layout_basic
D:3:      layout_loops_ring, makhleb_altar_promises_db, minmay_mini_jars
D:4:      layout_basic, mainiacjoe_overflow_six_doors_small, grunt_ministairs_2
D:5:      layout_basic, trog_hazing_becter, minmay_temple_entry_hall,
          lemuel_flame_loot_1
D:6:      layout_basic, riverfiend_overflow_shadow_ancestor,
          nicolae_uskayaw_murder_on_the_dancefloor, uniq_maggie,
          uniq_crazy_yiuf_cottage, uniq_prince_ribbit1, uniq_pikel

Notes
Turn   | Place    | Note
-------+----------+-------------------------------------------
     0 | D:1      | Drazool the Tengu Air Elementalist began the quest for the
                  | Orb.
     0 | D:1      | Reached XP level 1. HP: 10/10 MP: 4/4
    59 | D:1      | Reached skill level 2 in Conjurations
   158 | D:1      | Reached XP level 2. HP: 15/15 MP: 1/6
   166 | D:1      | Reached skill level 3 in Conjurations
   227 | D:1      | Learned a level 2 spell: Static Discharge
   599 | D:1      | Learned a level 2 spell: Mercury Vapours
   718 | D:1      | Reached XP level 3. HP: 19/19 MP: 4/7
   893 | D:2      | You fall into a shaft and drop 2 floors!
  1343 | D:3      | Noticed a scorpion
  1395 | D:2      | Reached skill level 3 in Spellcasting
  1395 | D:2      | Reached XP level 4. HP: 20/24 MP: 3/9
  1432 | D:2      | Learned a level 3 spell: Mephitic Cloud
  2580 | D:3      | Became a worshipper of Beogh the Shepherd
  2697 | D:3      | Reached XP level 5. HP: 28/28 MP: 9/11
  2742 | D:3      | Found a burning altar of Makhleb.
  2742 | D:3      | Noticed a blizzard demon
  3176 | D:3      | Reached skill level 4 in Spellcasting
  3427 | D:3      | Reached skill level 4 in Conjurations
  3427 | D:3      | Reached skill level 1 in Alchemy
  3508 | D:3      | Reached skill level 2 in Alchemy
  3509 | D:3      | Reached XP level 6. HP: 32/32 MP: 2/13
  3763 | D:4      | Found a sacrificial altar of Ru.
  3866 | D:4      | Reached skill level 3 in Alchemy
  4024 | D:5      | Entered Level 5 of the Dungeon
  4213 | D:5      | Reached skill level 4 in Alchemy
  4263 | D:5      | Reached skill level 1 in Fighting
  4408 | D:5      | Reached skill level 2 in Fighting
  4408 | D:5      | Gained mutation: Your magical flight helps you evade
                  | attacks. (EV +4) [Tengu growth]
  4408 | D:5      | Reached XP level 7. HP: 39/40 MP: 5/14
  4455 | D:5      | Reached skill level 1 in Invocations
  4871 | D:5      | Reached skill level 2 in Invocations
  5090 | D:5      | Reached skill level 5 in Air Magic
  5287 | D:5      | Reached skill level 6 in Air Magic
  5291 | D:5      | Learned a level 3 spell: Swiftness
  5525 | D:5      | Found a bloodstained altar of Trog.
  5838 | D:5      | Found a staircase to the Ecumenical Temple.
  5983 | D:6      | Reached * piety under Beogh
  6078 | D:6      | Noticed Pikel
  6083 | D:5      | Reached skill level 7 in Air Magic
  6083 | D:5      | Reached XP level 8. HP: 32/44 MP: 6/15
  6181 | D:6      | Killed Pikel
  6182 | D:6      | Reached skill level 8 in Air Magic
  6182 | D:6      | Reached skill level 5 in Spellcasting
  6182 | D:6      | Reached skill level 3 in Dodging
  6253 | D:6      | Noticed Maggie
  6262 | D:6      | Noticed Prince Ribbit
  6266 | D:6      | Killed from afar by Maggie

Vanquished Creatures
  Pikel (D:6)
  An ice beast (D:5)
  An ogre (D:5)
  3 scorpions
  2 howler monkeys
  A gnoll bouda (D:5)
  4 hounds (D:5)
  2 sleepcaps (D:5)
  An iguana (D:6)
  6 gnolls
  7 adders
  3 dart slugs
  A ribbon worm (D:2)
  2 orcs
  9 ball pythons
  6 bats
  14 endoplasms
  2 giant cockroaches (D:1)
  5 goblins
  5 hobgoblins
  3 jackals (D:2)
  3 quokkas
  2 frilled lizards
  4 kobolds
  4 rats
92 creatures vanquished.

Vanquished Creatures (others)
  A jelly (D:5)
  2 orcs (D:3)
3 creatures vanquished.

Grand Total: 95 creatures vanquished

Table legend: (Time is in decaauts)
 A = Elapsed time spent in this place.
 B = Non-inter-level travel time spent in this place.
 C = Inter-level travel time spent in this place.
 D = Time resting spent in this place.
 E = Time spent auto-exploring this place.
 F = Levels seen in this place.
 G = Mean time per level.
                   A        B        C        D        E       F      G
               +--------+--------+--------+--------+--------+-----+--------+
         Total |   6262 |   6050 |    212 |   1091 |   4210 |   6 | 1043.7 |
       Dungeon |   6262 |   6050 |    212 |   1091 |   4210 |   6 | 1043.7 |
               +--------+--------+--------+--------+--------+-----+--------+

Top non-repeatable levels by time:
     D:5: 1824 daAuts
     D:3: 1413 daAuts
     D:2: 1134 daAuts
     D:4: 888 daAuts
     D:1: 843 daAuts
     D:6: 158 daAuts

Table legend:
 A = Non-vault XP
 B = Vault XP
 C = Vault XP percentage of total XP
 D = Non-vault monster count
 E = Vault monster count
 F = Vault count percentage of total count
                 A         B        C        D         E       F
            +---------+---------+-------+---------+---------+-------
      Total |    1076 |     830 |  43.5 |      74 |      18 |  19.6
            +---------+---------+-------+---------+---------+-------
        D:1 |      42 |       0 |   0.0 |      23 |       0 |   0.0
        D:2 |      49 |       0 |   0.0 |      16 |       0 |   0.0
        D:3 |     138 |     131 |  48.7 |      11 |      10 |  47.6
        D:4 |      11 |       2 |  15.4 |       5 |       1 |  16.7
        D:5 |     746 |      12 |   1.6 |      17 |       6 |  26.1
        D:6 |      90 |     685 |  88.4 |       2 |       1 |  33.3
            +---------+---------+-------+---------+---------+-------
